 Dungeon Crawl Stone Soup version 0.23.2 (webtiles) character file.

Game seed: 16744154899309145949

105 Borgoz the Sneak (level 4, 0/36 HPs)
             Began as a Ghoul Assassin on Apr 5, 2019.
             Slain by an ogre
             ... wielding a +0 giant club
              (19 damage)
             ... on level 3 of the Dungeon.
             The game lasted 00:02:31 (1789 turns).

Borgoz the Sneak (Ghoul Assassin)                   Turns: 1789, Time: 00:02:32

Health: 0/36       AC:  7    Str: 14    XL:     4   Next: 83%
Magic:  12/12      EV: 10    Int: 11    God:
Gold:   97         SH:  0    Dex: 11    Spells: 3/3 levels left

rFire    . . .     SeeInvis .   a - +2 dagger
rCold    + + .     Gourm    .   (no shield)
rNeg     + + +     Faith    .   s - +0 scale mail
rPois    ∞         Spirit   .   (no helmet)
rElec    .         Reflect  .   d - +0 cloak
rCorr    .         Harm     .   (no gloves)
MR       .....                  (no boots)
Stlth    +.........             (no amulet)
HPRegen  0.00/turn              l - ring of magical power
MPRegen  0.13/turn              j - ring of protection from cold

@: brilliant, rotting, hasted, very quick
A: rotting body, claws 1, carnivore, cold resistance 1, negative energy
resistance 3, inhibited regeneration, torment resistance, unbreathing
a: no special abilities


You were on level 3 of the Dungeon.
You were hungry.

You visited 1 branch of the dungeon, and saw 3 of its levels.

You collected 97 gold pieces.

Inventory:

Hand Weapons
 a - a +2 dagger (weapon)
 b - a +0 blowgun
Missiles
 e - 8 poisoned needles
 f - 2 curare-tipped needles
Armour
 d - a +0 cloak (worn)
 s - a +0 scale mail (worn)
Jewellery
 i - an uncursed ring of fire
 j - a ring of protection from cold (right claw)
 l - a ring of magical power (left claw)
Scrolls
 c - a scroll of enchant weapon {unknown}
 h - a scroll of blinking
 m - a scroll of amnesia
 o - 2 scrolls of remove curse
 q - a scroll of immolation {unknown}
Potions
 n - 2 potions of curing
 r - 2 potions of brilliance
Comestibles
 g - 5 rations
 p - 2 chunks of flesh


   Skills:
 - Level 2.2 Fighting
 * Level 2.8 Short Blades
 - Level 1.7 Throwing
 * Level 2.1 Armour
 * Level 2.3 Dodging
 - Level 4.3 Stealth


You had 3 spell levels left.
You didn't know any spells.
Your spell library was empty.

Dungeon Overview and Level Annotations

Branches:
Dungeon (3/15)

Altars:
Ru


Innate Abilities, Weirdness & Mutations

Your body is rotting away.
You thrive on raw meat.
You are immune to poison.
You have sharp fingernails.
You are carnivorous and can eat meat at any time.
Your flesh is cold resistant. (rC+)
You are immune to negative energy. (rN+++)
You do not regenerate when monsters are visible.
You are immune to unholy pain and torment.
You can survive without breathing.


Message History

The rat closely misses you.
You hit the rat.
You kill the rat!
You barely miss the kobold. The kobold closely misses you.
You miss the kobold. You hit the kobold.
The kobold is heavily wounded.
The kobold hits you but does no damage.
You aren't carrying any items that you can evoke.
You hit the kobold but do no damage.
The kobold is heavily wounded.
The kobold barely misses you.
You hit the kobold.
You kill the kobold!
You hit the ogre.
The ogre is lightly wounded.
You feel yourself speed up.
The ogre hits you with a +0 giant club!!
Ouch! That really hurt!
You die...

.. ... .#.. .. #..#...
#.#.....# .......
######..#.# ........#.#
.######.#.# #O#.# #@#.#
######.#.## ...........#
..#######..#############
#.......†...)....!..
...###.............#. #
##.##########.#. #.#
#.#. #.# #...


You could see an ogre.

Vanquished Creatures
  An orc wizard (D:2)
  2 adders (D:2)
  3 oozes
  A dart slug (D:1)
  3 leopard geckos
  8 bats
  A giant cockroach (D:3)
  4 goblins
  2 hobgoblins
  A quokka (D:3)
  3 frilled lizards
  7 kobolds
  7 rats
43 creatures vanquished.

Vanquished Creatures (others)
  4 toadstools (D:1)
4 creatures vanquished.

Grand Total: 47 creatures vanquished

Notes
Turn   | Place    | Note
-------+----------+-------------------------------------------
     0 | D:1      | Borgoz the Ghoul Assassin began the quest for the Orb.
     0 | D:1      | Reached XP level 1. HP: 17/17 MP: 0/0
    12 | D:1      | Reached skill level 1 in Dodging
   157 | D:1      | Reached XP level 2. HP: 23/23 MP: 1/1
   272 | D:1      | Reached skill level 1 in Armour
   826 | D:2      | Reached XP level 3. HP: 29/29 MP: 2/2
  1069 | D:2      | Reached XP level 4. HP: 22/36 MP: 3/3
  1070 | D:2      | Found a sacrificial altar of Ru.
  1768 | D:3      | Noticed an ogre
  1789 | D:3      | Slain by an ogre

Skill      XL: |  1  2  3  4 |
---------------+-------------+-----
Dodging        | 1 2 |  2.3
Short Blades   | 2 |  2.8
Armour         | 1 2 |  2.1
Fighting       | |  2.2
Throwing       | |  1.7
Stealth        | |  4.3

Action                   |  1- 3 |  4- 6 || total
-------------------------+-------+-------++-------
Melee: Dagger            |    89 |    77 ||   166
  Use: Scroll            |       |     5 ||     5
       Potion            |       |     4 ||     4
 Stab: Sleeping          |     5 |     1 ||     6
  Eat: Chunk             |     2 |       ||     2
Armor: Robe              |    18 |     2 ||    20
       Scale mail        |       |    23 ||    23
Dodge: Dodged            |    53 |    46 ||    99
